 Dungeon Crawl Stone Soup version 0.30-a0-862-g1aabd4f9c5 (webtiles) character file.

Game seed: 7100460708014354049

112 qeuew the Covered (level 4, 0/40 HPs)
             Began as a Hill Orc Fighter on Mar 8, 2023.
             Succumbed to Sigmund's poison
             ... on level 2 of the Dungeon.
             The game lasted 00:01:33 (1079 turns).

qeuew the Covered (Hill Orc Fighter)                Turns: 1079, Time: 00:01:34

Health: 0/40       AC:  7    Str: 20    XL:     4   Next: 93%
Magic:  4/4        EV:  9    Int:  8    God:
Gold:   79         SH:  4    Dex: 10    Spells: 3/3 levels left

rFire   . . .      SeeInvis .    a - +0 war axe
rCold   . . .      Faith    .    c - +0 buckler
rNeg    . . .      Spirit   .    b - +0 scale mail
rPois   .          Reflect  .    (no helmet)
rElec   .          Rampage  .    (no cloak)
rCorr   .                        (no gloves)
Will    .....                    (no boots) Stlth
                                 (no amulet)
HPRegen 0.26/turn                (no ring)
MPRegen 0.09/turn                (no ring)

@: brilliant, lethally poisoned (0 -> -11), flying
A: no striking features
a: no special abilities


You were on level 2 of the Dungeon.
You visited 1 branch of the dungeon, and saw 2 of its levels.

You collected 79 gold pieces.

Inventory:

Hand Weapons
 a - a +0 war axe (weapon)
Armour
 b - a +0 scale mail (worn)
 c - a +0 buckler (worn)
Scrolls
 e - 2 scrolls of teleportation
Potions
 d - a potion of might


   Skills:
 + Level 4.0 Fighting
 * Level 4.2 Axes
 * Level 4.3 Armour
 + Level 1.0 Dodging
 + Level 3.7 Shields


You had 3 spell levels left.
You didn't know any spells.
Your spell library was empty.

Dungeon Overview and Level Annotations

Branches:
Dungeon (2/15)

Altars:

Annotations:
D:2 Sigmund


Message History

You are too confused!
You are too confused!
You are too confused!
You are too confused!
You are too confused!
You are too confused!
You are too confused!
You are too confused!
You are too confused!
You are too confused!
You are too confused!
You are too confused!
You are too confused!
You are too confused!
You are too confused!
Unknown command.
Sigmund hits you with a +3 scythe of venom!
You are poisoned.
You bump into the rock wall.
You feel very sick. Sigmund closely misses you.
You closely miss Sigmund.
You feel very sick.
Sigmund hits you with a +3 scythe of venom.
You are more poisoned.
You're too confused to move!
You feel very sick.
You feel very sick.
Sigmund hits you from afar with a +3 scythe of venom!
* * * LOW HITPOINT WARNING * * *
You are more poisoned.
It was a potion of flight.
You feel very buoyant.
You fly up into the air.
* * * LOW HITPOINT WARNING * * *
You feel very sick. Sigmund misses you.
It was a potion of brilliance.
You feel clever all of a sudden.
You feel less confused.
You die...

# #..#...........##
#.####................
+......>...#.##......#
#.......#....##.......
####.##.#....#.......#
####....+<...#....)†..
#....##.#....#...#..##
#....##.######........
+....@..# ..####...#
#....#.@.# ....#####.#
....##.#...#.....##..†..
... #.#...##+ #.##.####
. #........##.##.#
#....###.##.##.# ...#.#
#.##....# .....#
#..†...## #......#


You could see Sigmund.

Vanquished Creatures
  Natasha (twice) (D:2)
  2 adders (D:2)
  A worm (D:2)
  A dart slug (D:1)
  6 bats
  4 endoplasms (D:1)
  2 giant cockroaches (D:1)
  4 goblins
  A hobgoblin (D:2)
  3 jackals (D:1)
  3 quokkas
  3 ball pythons
  3 frilled lizards
  2 kobolds (D:1)
37 creatures vanquished.

Vanquished Creatures (others)
  A fungus (D:2)
  A plant (D:2)
2 creatures vanquished.

Grand Total: 39 creatures vanquished

Notes
Turn   | Place    | Note
-------+----------+-------------------------------------------
     0 | D:1      | qeuew the Hill Orc Fighter began the quest for the Orb.
     0 | D:1      | Reached XP level 1. HP: 19/19 MP: 1/1
   123 | D:1      | Reached XP level 2. HP: 27/27 MP: 2/2
   349 | D:1      | Reached XP level 3. HP: 33/33 MP: 3/3
   661 | D:2      | Noticed Natasha
   671 | D:2      | Killed Natasha
   682 | D:2      | Reached XP level 4. HP: 5/40 MP: 4/4
  1061 | D:2      | Noticed Natasha
  1066 | D:2      | Killed Natasha
  1067 | D:2      | Reached skill level 1 in Dodging
  1069 | D:2      | Noticed Sigmund
  1079 | D:2      | Succumbed to Sigmund's poison

Illustrated notes

Levels and vault maps discovered:
D:1:      dpeg_arrival_radiant, layout_loops_ring
D:2:      layout_basic, shapermc_ecumenical_altar_mp_ritualfount,
          minmay_tetromino_l2, uniq_natasha, uniq_sigmund

Skill      XL: |  1  2  3  4 |
---------------+-------------+-----
Axes           | 3 4 |  4.2
Armour         | 4 |  4.3
Fighting       | 4 |  4.0
Dodging        | 1 |  1.0
Shields        | |  3.7

Action                     |  1- 3 |  4- 6 || total
---------------------------+-------+-------++-------
  Melee: War axe           |    79 |    36 ||   115
    Use: Scroll            |     2 |       ||     2
         Potion            |     1 |     2 ||     3
 Armour: Scale mail        |    57 |    15 ||    72
  Dodge: Dodged            |    51 |    11 ||    62
  Block: Buckler           |    15 |     7 ||    22

Table legend: (Time is in decaauts)
 A = Elapsed time spent in this place.
 B = Non-inter-level travel time spent in this place.
 C = Inter-level travel time spent in this place.
 D = Time resting spent in this place.
 E = Time spent auto-exploring this place.
 F = Levels seen in this place.
 G = Mean time per level.
                   A        B        C        D        E       F      G
               +--------+--------+--------+--------+--------+-----+--------+
         Total |   1122 |   1083 |     39 |      0 |    820 |   2 |  561.0 |
       Dungeon |   1122 |   1083 |     39 |      0 |    820 |   2 |  561.0 |
               +--------+--------+--------+--------+--------+-----+--------+

Top non-repeatable levels by time:
     D:1: 685 daAuts
     D:2: 437 daAuts
